 Dungeon Crawl Stone Soup version 0.26.0-10-g1f06aea511 (webtiles) character file.

Game seed: 15619709674295722632

36 mopl the Vexing (level 3, -2/24 HPs)
             Began as a Demonspawn Enchanter on Jan 21, 2021.
             Slain by a worm (10 damage)
             ... on level 2 of the Dungeon.
             The game lasted 00:01:50 (1277 turns).

mopl the Vexing (Demonspawn Enchanter)              Turns: 1277, Time: 00:01:50

Health: -2/24      AC:  2    Str:  8    XL:     3   Next: 19%
Magic:  1/6        EV: 12    Int: 17    God:
Gold:   101        SH:  0    Dex: 13    Spells: 0/6 levels left

rFire    . . .     SeeInvis .   l - +0 short sword (speed)
rCold    + . .     Faith    .   (no shield)
rNeg     . . .     Spirit   .   b - +0 robe
rPois    .         Reflect  .   (no helmet)
rElec    .         Harm     .   (no cloak)
rCorr    .         Rampage  .   (no gloves)
Will     .....                  (no boots)
Stlth    ++........             (no amulet)
HPRegen  0.08/turn              (no ring)
MPRegen  0.10/turn              (no ring)

@: very slightly contaminated
A: cold resistance 1, powered by death 1
a: no special abilities


You were on level 2 of the Dungeon.
You visited 1 branch of the dungeon, and saw 2 of its levels.

You collected 101 gold pieces.

Inventory:

Hand Weapons
 a - a +1 dagger
 l - a +0 short sword of speed (weapon)
Armour
 b - a +0 robe (worn)
Scrolls
 e - 3 scrolls of teleportation {unknown}
 f - 4 scrolls of blinking {unknown}
 g - a scroll of amnesia {unknown}
 h - a scroll of enchant weapon {unknown}
 i - 3 scrolls of enchant armour {unknown}
 j - 2 scrolls of identify {unknown}
 m - a scroll of remove curse {unknown}
Potions
 c - a potion of degeneration {unknown}
 d - 2 potions of lignification {unknown}
 k - a potion of curing {unknown}


   Skills:
 + Level 1.2 Short Blades
 - Level 1.7 Dodging
 * Level 3.2 Stealth
 + Level 2.1 Spellcasting
 * Level 3.5 Hexes
 + Level 0.4 Ice Magic


You couldn't memorise any spells.
You knew the following spells:

 Your Spells              Type           Power        Failure   Level
a - Corona                Hex            14%          4%          1
b - Ensorcelled Hibernat  Hex/Ice        16%          13%         2
d - Tukima's Dance        Hex            13%          13%         3

Your spell library contained the following spells:

 Spells                   Type           Power        Failure   Level
 Confusing Touch          Hex            13%          13%         3
 Dazzling Flash           Conj/Hex       14%          28%         3


Dungeon Overview and Level Annotations

Branches:
Dungeon (2/15)

Altars:


Innate Abilities, Weirdness & Mutations

Your flesh is cold resistant. (rC+)
You regenerate a little health from kills.


Message History

Press: ? - help, Shift-Dir - straight line, f - worm
Aim: a worm (severely wounded, chance to affect: 49%)
You miscast Ensorcelled Hibernation.
You are very lightly contaminated with residual magic.
Nothing appears to happen.
Casting: Ensorcelled Hibernation (safe; 13% risk of failure)
Confirm with . or Enter, or press ? or * to list all spells.
Aiming: Ensorcelled Hibernation (safe; 13% risk of failure)
Press: ? - help, Shift-Dir - straight line, f/p - worm
Aim: a worm (heavily wounded, chance to affect: 49%)
You miscast Ensorcelled Hibernation.
Nothing appears to happen.
Casting: Ensorcelled Hibernation (safe; 13% risk of failure)
Confirm with . or Enter, or press ? or * to list all spells.
Aiming: Ensorcelled Hibernation (safe; 13% risk of failure)
Press: ? - help, Shift-Dir - straight line, f/p - worm
Aim: a worm (heavily wounded, chance to affect: 49%)
The worm resists with some effort.
There is a stone staircase leading up here.
The worm bites you!
You die...

....# #.# #.#
....# #.# ###
###.# ....# #.#
#.. ..#.# ....#
#.# #.####.#.#
##### #.#
#.#..#.#.#
##########
#.#..#.#.#
#.......<#
#.#..#.#.#
#.########
#.#..#.#.# #.#
###.#w@#.#.###.#
#...........##.#
#...........##.#
#...........##.#
#...........##.#
#...........##.#
#...........##.#
#######
##...........##.#
......#
#............)..#


You could see a worm.

Vanquished Creatures
  An ooze (D:1)
  A dart slug (D:1)
  A leopard gecko (D:2)
  5 bats
  3 goblins
  6 hobgoblins
  A quokka (D:2)
  2 frilled lizards (D:1)
  2 kobolds
  6 rats
28 creatures vanquished.

Notes
Turn   | Place    | Note
-------+----------+-------------------------------------------
     0 | D:1      | mopl the Demonspawn Enchanter began the quest for the Orb.
     0 | D:1      | Reached XP level 1. HP: 13/13 MP: 3/3
    89 | D:1      | Reached skill level 1 in Short Blades
   147 | D:1      | Gained mutation: Your flesh is cold resistant. (rC+)
                  | [demonic ancestry]
   147 | D:1      | Reached XP level 2. HP: 11/19 MP: 3/5
   150 | D:1      | Learned a level 2 spell: Ensorcelled Hibernation
   336 | D:1      | Reached skill level 3 in Stealth
  1048 | D:2      | Gained mutation: You regenerate a little health from kills.
                  | [demonic ancestry]
  1048 | D:2      | Reached XP level 3. HP: 21/24 MP: 6/6
  1099 | D:2      | Learned a level 3 spell: Tukima's Dance
  1277 | D:2      | Slain by a worm

Illustrated notes

Levels and vault maps discovered:
D:1:      minmay_arrival_five_plusses, layout_basic
D:2:      layout_basic

Skill      XL: |  1  2 |
---------------+-------+-----
Short Blades   | 1 |  1.2
Stealth        | 3 |  3.2
Dodging        | |  1.7
Spellcasting   | |  2.1
Hexes          | |  3.5
Ice Magic      | |  0.4

Action                   || total
-------------------------++-------
Melee: Dagger            ||    63
       Short sword       ||    65
 Cast: Corona            ||     2
       Ensorcelled Hiber ||     5
 Stab: Sleeping          ||     7
Armor: Robe              ||    29
Dodge: Dodged            ||    64
